 Dungeon Crawl Stone Soup version 0.28.0-47-ge53b351184 (webtiles) character file.

Game seed: 16508888370913148860

136 Bamboolord the Slasher (level 4, -1/34 HPs)
             Began as a Demonspawn Gladiator on May 9, 2022.
             Slain by a kobold
             ... wielding a +0 short sword
              (4 damage)
             ... on level 3 of the Dungeon.
             The game lasted 00:06:23 (2705 turns).

Bamboolord the Slasher (Demonspawn Gladiator)       Turns: 2705, Time: 00:06:23

Health: -1/34      AC: 10    Str: 15    XL:     4   Next: 98%
Magic:  4/4        EV:  5    Int:  9    God:
Gold:   101        SH: 12    Dex: 16    Spells: 3/3 levels left

rFire   . . .      SeeInvis .   a - +0 long sword
rCold   . . .      Faith    .   m - +0 kite shield
rNeg    . . .      Spirit   .   p - +1 chain mail {Will+}
rPois   .          Reflect  .   c - +0 helmet
rElec   .          Harm     .   (no cloak)
rCorr   .          Rampage  .   (no gloves)
Will    +....                   (no boots)
Stlth   ..........              (no amulet)
HPRegen 0.11/turn               (no ring)
MPRegen 0.09/turn               (no ring)

@: no status effects
A: condensation shield
a: no special abilities


You were on level 3 of the Dungeon.
You visited 1 branch of the dungeon, and saw 3 of its levels.

You collected 101 gold pieces.

Inventory:

Hand Weapons
 a - a +0 long sword (weapon)
Missiles
 d - 2 throwing nets (quivered)
 e - 3 silver javelins
Armour
 c - a +0 helmet (worn)
 m - a +0 kite shield (worn)
 p - a +1 chain mail of willpower (worn)
Scrolls
 f - a scroll of noise {unknown}
 g - a scroll of immolation {unknown}
 h - 3 scrolls of identify {unknown}
 j - a scroll of fear {unknown}
 l - 3 scrolls of enchant weapon {unknown}
Potions
 i - a potion of berserk rage {unknown}
 k - a potion of brilliance {unknown}
 n - a potion of degeneration {unknown}
 o - a potion of attraction {unknown}


   Skills:
 * Level 2.5 Fighting
 * Level 4.2 Long Blades
 - Level 1.7 Throwing
 + Level 1.2 Armour
 + Level 3.0 Dodging
 * Level 1.0 Shields


You had 3 spell levels left.
You didn't know any spells.
Your spell library contained the following spells:

 Spells                   Type           Power      Damage    Failure   Level
 Corpse Rot               Necr/Air       0%         N/A       100%        2
 Ensorcelled Hibernation  Hex/Ice        0%         N/A       100%        2
 Passwall                 Tmut/Erth      0%         N/A       100%        2
 Poisonous Vapours        Pois/Air       0%         N/A       100%        2
 Swiftness                Air            0%         N/A       100%        3


Dungeon Overview and Level Annotations

Branches:
Dungeon (3/15)

Altars:

Shops:
D:2 =


Innate Abilities, Weirdness & Mutations

A meltable shield of frost defends you. (SH +4)


Message History

The goblin unwields a +0 dagger.
The goblin wields a +0 hunting sling.
The goblin shoots a sling bullet.
You block the sling bullet.
Things that are here:
a +0 mace; an orc corpse A goblin is nearby!
A goblin is nearby!
The goblin shoots a sling bullet.
The sling bullet hits you!
The goblin shoots a sling bullet.
You block the sling bullet.
A kobold comes into view. It is wielding a +0 short sword.
The kobold shouts!
The goblin unwields a +0 hunting sling.
The goblin wields a +0 dagger.
The goblin hits you but does no damage.
You completely miss the goblin. You block the goblin's attack.
An ogre comes into view. It is wielding a +0 giant club.
The ogre shouts!
You hit the goblin but do no damage. The goblin hits you but does no damage.
You barely miss the goblin. The goblin barely misses you.
You block the kobold's attack. The goblin hits you but does no damage.
You slash the goblin!
You kill the goblin!
The kobold hits you but does no damage.
You hit the kobold but do no damage. You block the kobold's attack.
A giant cockroach comes into view.
You block the kobold's attack.
You hit the kobold but do no damage. You block the kobold's attack.
The ogre hits you with a +0 giant club!!
Ouch! That really hurt!
* * * LOW HITPOINT WARNING * * *
You are too injured to fight recklessly!
You are too injured to fight recklessly!
You are too injured to fight recklessly!
You are too injured to fight recklessly!
You are too injured to fight recklessly!
You are too injured to fight recklessly!
You are too injured to fight recklessly!
You are too injured to fight recklessly!
You completely miss the kobold. You block the kobold's attack.
You hit the kobold but do no damage. You block the kobold's attack.
The kobold hits you with a +0 short sword.
You die...

#.##.#.###.######
#<.(###### #.##.#..#.###
#†#.###.
...#.#.#.##.#######.# #.#..
.......###.........# #...
...#...##.....##### ###...#
....>..#.......## ##.#...##
...#...)........# #.....##.
#.##..##........###........
#.##..###.....#.@KOB).#
#.##..# ##....†)###........
#.##..####..##.## #.....###
#...........##.# ###.###
#####.########.. .# #..
..## .# #.# # #.# #.#


You could see an ogre, a giant cockroach and a kobold.

Vanquished Creatures
  Natasha (D:2)
  Terence (D:2)
  2 adders
  A worm (D:2)
  4 dart slugs
  An orc (D:3)
  5 bats
  9 endoplasms
  3 giant cockroaches
  6 goblins
  5 hobgoblins
  3 jackals (D:1)
  2 kobolds
  6 ball pythons
  4 frilled lizards
  4 rats
57 creatures vanquished.

Notes
Turn   | Place    | Note
-------+----------+-------------------------------------------
     0 | D:1      | Bamboolord the Demonspawn Gladiator began the quest for the
                  | Orb.
     0 | D:1      | Reached XP level 1. HP: 16/16 MP: 1/1
   129 | D:1      | Reached skill level 3 in Long Blades
   131 | D:1      | Gained mutation: A meltable shield of frost defends you.
                  | (SH +4) [demonic ancestry]
   131 | D:1      | Reached XP level 2. HP: 10/22 MP: 2/2
   779 | D:1      | Reached XP level 3. HP: 27/27 MP: 3/3
  1017 | D:2      | Found Sun Omih's Jewellery Boutique.
  1090 | D:2      | Noticed Natasha
  1314 | D:2      | Reached skill level 1 in Armour
  1414 | D:2      | Found a faded altar of an unknown god.
  1525 | D:2      | Noticed Terence
  1774 | D:2      | Killed Terence
  1775 | D:2      | Reached XP level 4. HP: 21/34 MP: 4/4
  1910 | D:2      | Killed Natasha
  2252 | D:2      | Reached skill level 4 in Long Blades
  2499 | D:3      | Reached skill level 1 in Shields
  2695 | D:3      | Noticed an ogre
  2705 | D:3      | Slain by a kobold

Illustrated notes

Levels and vault maps discovered:
D:1:      enne_arrival_octagon_isle, layout_rooms
D:2:      layout_basic, serial_shops, nicolae_shop_trees,
          hellmonk_ecumenical_altar_lost_god, uniq_terence, uniq_natasha
D:3:      layout_loops_ring, gammafunk_ghost_mausoleum, minmay_cut_off

Skill      XL: |  1  2  3  4 |
---------------+-------------+-----
Long Blades    | 3 4 |  4.2
Dodging        | 3 |  3.0
Armour         | 1 |  1.2
Shields        | 1 |  1.0
Fighting       | |  2.5
Throwing       | |  1.7

Action                   |  1- 3 |  4- 6 || total
-------------------------+-------+-------++-------
Melee: Long sword        |   112 |    60 ||   172
Throw: Throwing net      |     1 |       ||     1
 Stab: Sleeping          |     2 |       ||     2
       Distracted        |     1 |       ||     1
Armor: Leather armour    |    42 |     1 ||    43
       Chain mail        |       |    31 ||    31
Dodge: Dodged            |    93 |    10 ||   103
Block: Other             |    29 |       ||    29
       Kite shield       |    12 |    39 ||    51
